AoeStats
← Westbergen

MegaRandom

510769701Analyzed
4v4 RM · 11h ago on Oct 2, 2026· 53m 57s· 8 players
Game mode
Random Map
Map size
Large (8 player)
Population
200
Speed
Normal
Resources
Standard
Victory
Conquest
Starting age
Dark Age
Ending age
Imperial Age
RankedLock teamsTeams togetherTeam positionsShared explorationLock speedFull tech treeHidden civsTurbo modeCheats
Victory
Defeat
🇪🇸 Lithuanians · Spain
1320
+16
🇹🇼 Mongols · Taiwan
1309
+16
🇻🇳 Hindustanis · Vietnam
1284
+17
🇻🇳 Ethiopians · Vietnam
1267
+18
🇸🇪 Portuguese · Sweden
1480
-22
🇸🇪 Saxons · Sweden
1319
-17
🇸🇪 Ethiopians · Sweden
1308
-17
🇸🇪 Lithuanians · Sweden
1163
-11
KAWAE
6:04 Loom
8:09 Feudal Age
9:04 Double-Bit Axe
9:25 Horse Collar
16:17 Scale Barding Armor
21:26 Castle Age
20:03 Bloodlines
21:19 Gold Mining
21:43 Forging
22:40 Chain Barding Armor
23:29 Bow Saw
24:36 Wheelbarrow
25:15 Heavy Plow
27:45 Husbandry
28:54 Hand Cart
29:18 Iron Casting
32:01 Stone Mining
33:01 Fletching
37:03 Stone Shaft Mining
39:41 Imperial Age
38:16 Gold Shaft Mining
37:40 Bodkin Arrow
38:43 Padded Archer Armor
39:35 Ballistics
39:26 Masonry
40:14 Leather Archer Armor
40:09 Thumb Ring
41:41 Chemistry
40:03 Elite Mangudai
41:04 Bracer
42:08 Blast Furnace
41:15 Siege Engineers
42:12 Hoardings
42:06 Town Watch
43:09 Parthian Tactics
43:08 Conscription
42:48 Murder Holes
42:55 Heavy Camel Rider
47:05 Light Cavalry
48:07 Hussar
51:15 Devotion
mryendl2410
5:32 Loom
6:47 Loom
9:04 Feudal Age
9:52 Double-Bit Axe
11:40 Fletching
13:07 Horse Collar
21:50 Castle Age
20:22 Padded Archer Armor
21:13 Gold Mining
22:27 Bodkin Arrow
21:53 Crossbowman
23:42 Leather Archer Armor
25:00 Wheelbarrow
25:18 Ballistics
31:23 Imperial Age
30:32 Bow Saw
32:09 Thumb Ring
32:38 Bracer
34:00 Capped Ram
36:41 Ring Archer Armor
35:40 Arbalester
37:32 Elite Skirmisher
41:13 Chemistry
44:16 Heavy Plow
45:17 Two-Man Saw
44:55 Gold Shaft Mining
50:44 Siege Ram
52:31 Torsion Engines
piecardinap
10:06 Loom
11:53 Feudal Age
16:41 Castle Age
14:32 Double-Bit Axe
15:26 Horse Collar
16:31 Bloodlines
16:56 Scale Barding Armor
17:39 Gold Mining
20:53 Wheelbarrow
20:39 Bow Saw
24:31 Stone Mining
26:07 Heavy Plow
29:18 Imperial Age
28:49 Fletching
29:24 Heavy Camel Rider
30:25 Chain Barding Armor
31:54 Imperial Camel Rider
33:02 Husbandry
33:38 Plate Barding Armor
33:14 Forging
34:21 Two-Man Saw
35:43 Hand Cart
36:43 Iron Casting
39:29 Blast Furnace
37:51 Light Cavalry
38:58 Bodkin Arrow
39:56 Hussar
50:05 Conscription
Grimbel
8:46 Loom
10:35 Feudal Age
11:36 Double-Bit Axe
12:05 Horse Collar
13:21 Wheelbarrow
12:23 Man-at-Arms
19:16 Castle Age
17:29 Fishing Lines
20:39 Bow Saw
20:29 Heavy Plow
20:20 Gold Mining
23:19 Fletching
26:22 Town Watch
29:10 Bodkin Arrow
30:49 Ballistics
33:23 Treadmill Crane
33:58 Forging
33:54 Scale Barding Armor
34:56 Bloodlines
34:47 Husbandry
34:52 Pikeman
35:33 Squires
36:11 Husbandry
37:20 Chain Barding Armor
37:44 Hand Cart
39:01 Iron Casting
41:29 Imperial Age
39:39 Scale Mail Armor
39:30 Arson
40:00 Hill Forts
40:45 Masonry
41:21 Town Patrol
41:35 Halberdier
43:00 Plate Barding Armor
43:23 Chain Mail Armor
44:07 Architecture
44:38 Chemistry
44:29 Conscription
44:41 Bracer
44:43 Tower Shields
47:55 Two-Man Saw
47:25 Crop Rotation
46:40 Elite Leitis
48:00 Crop Rotation
48:36 Medium Warships
48:19 Gillnets
49:57 Padded Archer Armor
50:05 Elite Skirmisher
51:03 Leather Archer Armor
51:08 Guilds
51:32 Thumb Ring
52:55 Ring Archer Armor
53:33 Hoardings
johansoderstrom1
12:03 Feudal Age
17:25 Castle Age
18:00 Fletching
18:18 Light Cavalry
23:30 Double-Bit Axe
25:11 Scale Mail Armor
28:15 Bow Saw
29:12 Chain Mail Armor
30:24 Forging
31:48 Squires
33:11 Horse Collar
35:19 Wheelbarrow
36:36 Iron Casting
36:41 Heavy Plow
39:45 Gold Mining
43:11 Imperial Age
44:31 Hand Cart
44:16 Bodkin Arrow
44:02 Halberdier
46:30 Plate Mail Armor
47:01 Blast Furnace
47:30 Chemistry
Creweer
7:22 Loom
9:21 Feudal Age
17:13 Fletching
23:47 Scale Mail Armor
33:58 Castle Age
34:11 Double-Bit Axe
35:06 Bow Saw
35:19 Horse Collar
37:05 Guard Tower
38:29 Bodkin Arrow
39:29 Clerical Recruitment
41:19 Coinage
41:51 Gold Mining
43:15 Sanctity
43:41 Gold Shaft Mining
46:22 Imperial Age
44:21 Heavy Plow
46:01 Redemption
46:32 Padded Archer Armor
47:23 Block Printing
47:44 Theocracy
47:36 Illumination
49:51 Bracer
Westbergen
11:47 Feudal Age
16:25 Castle Age
15:35 Scale Barding Armor
15:41 Forging
15:53 Double-Bit Axe
19:27 Wheelbarrow
19:49 Bow Saw
27:05 Hand Cart
33:07 Imperial Age
31:03 Bloodlines
30:54 Husbandry
33:29 Cavalier
37:30 Pikeman
38:11 Squires
38:23 Halberdier
41:12 Scale Mail Armor
41:47 Iron Casting
41:33 Chain Barding Armor
41:03 Fletching
41:14 Padded Archer Armor
47:30 Caravan
KalasKula
8:09 Loom
11:48 Feudal Age
16:14 Castle Age
13:59 Double-Bit Axe
14:48 Fletching
16:12 Padded Archer Armor
16:21 Crossbowman
16:29 Crossbowman
18:23 Bodkin Arrow
20:25 Ballistics
20:36 Horse Collar
25:04 Bow Saw
26:56 Wheelbarrow
27:58 Padded Archer Armor
30:34 Hand Cart
34:42 Imperial Age
32:46 Gold Mining
32:47 Stone Mining
33:27 Leather Archer Armor
33:29 Thumb Ring
35:42 Bracer
37:00 Chemistry
36:29 Arbalester
44:47 Pikeman
45:28 Scale Mail Armor
45:59 Ring Archer Armor
45:40 Forging
46:55 Two-Man Saw
46:45 Elite Skirmisher
48:44 Masonry
48:59 Halberdier
Connection lost

Rejoining the realm…

Still unreachable

The connection could not be restored.

Session expired

The server has moved on; the page needs a fresh start.